AoeStats
← Blazing Cartesia, The Virtuous

Arabia

503741173Analyzed
1v1 RM · 1mo ago on Sep 2, 2026· 31m 56s· 2 players
Game mode
Random Map
Map size
Tiny (2 player)
Population
200
Speed
Normal
Resources
Standard
Victory
Conquest
Starting age
Dark Age
Ending age
Imperial Age
RankedLock teamsTeams togetherTeam positionsShared explorationLock speedFull tech treeHidden civsTurbo modeCheats
Victory
Defeat
1182
+14
🇻🇪 Tatars · Venezuela
1134
-14
ITVE | Brayanso81
7:21 Loom
10:00 Feudal Age
10:46 Double-Bit Axe
19:08 Fletching
22:38 Castle Age
22:43 Gold Mining
28:42 Bodkin Arrow
30:09 Bloodlines
Blazing Cartesia, The Virtuous
6:56 Loom
10:35 Feudal Age
12:00 Fletching
12:53 Double-Bit Axe
13:43 Padded Archer Armor
22:45 Castle Age
20:46 Gold Mining
23:40 Bow Saw
24:08 Gold Shaft Mining
23:42 Husbandry
23:43 Bodkin Arrow
23:38 Horse Collar
25:40 Leather Archer Armor
28:16 Bloodlines
30:14 Ballistics
32:00 Heavy Plow
Connection lost

Rejoining the realm…

Still unreachable

The connection could not be restored.

Session expired

The server has moved on; the page needs a fresh start.